 Dungeon Sprint DCSS version 0.31.0-1-g2c135a0 (webtiles) character file.

Game seed: 7939725042429892341

35172 PurpleRed the Sorcerer (level 13, -12/82 HPs)
             Began as a Deep Elf Conjurer on Mar 23, 2024.
             Was the Champion of Sif Muna.
             Mangled by a death cob (29 damage)
             ... in the Dungeon (Sprint VII: "The Pits").
             The game lasted 00:35:35 (6041 turns).

PurpleRed the Sorcerer (Deep Elf Conjurer)          Turns: 6041, Time: 00:35:35

Health: -12/82     AC: 12    Str:  4    XL:     13   Next: 46%
Magic:  32/41      EV: 16    Int: 32    God:    Sif Muna [******]
Gold:   24         SH:  0    Dex: 13    Spells: 13/56 levels left

rFire   + . .        y - +8 quarterstaff (speed)
rCold   x . .        (shield currently unavailable)
rNeg    . . .        B - +2 robe {Will+}
rPois   .            N - +2 hat
rElec   .            l - +1 cloak
rCorr   .            w - +1 pair of gloves
SInv    .            v - +1 pair of boots
Will    ++...        K - amulet of the acrobat
Stlth   ++           u - +3 ring of intelligence
HPRegen 0.33/turn    J - ring of fire
MPRegen 0.27/turn

%: no teleportation, acrobat
@: slowed, very slow
A: no striking features
a: Renounce Religion, Channel Magic, Forget Spell, Divine Exegesis


You were in the Dungeon.
You worshipped Sif Muna.
Sif Muna was exalted by your worship.
You visited 1 branch You collected 24 gold pieces.

Inventory:

Hand Weapons
 m - a +1 dagger of electrocution
 y - a +8 quarterstaff of speed (weapon)
 O - a +6 lajatang
 P - a +3 demon whip
 Q - a +5 quick blade
 R - the +8 autumn katana {manifold assault}
   (You found it in the Dungeon)
Missiles
 f - 6 poisoned darts
 p - 5 boomerangs
Armour
 a - a +1 helmet
 g - a +0 kite shield of poison resistance
 h - +4 fire dragon scales
 l - a +1 cloak (worn)
 n - a +4 ring mail
 o - a +2 robe of positive energy
 v - a +1 pair of boots (worn)
 w - a +1 pair of gloves (worn)
 x - +2 swamp dragon scales
 B - a +2 robe of willpower (worn)
 I - a +2 ring mail of fire resistance
 L - a +0 troll leather armour
 M - +3 storm dragon scales
 N - a +2 hat (worn)
Jewellery
 t - a +3 ring of dexterity
 u - a +3 ring of intelligence (left hand)
 G - a ring of positive energy
 J - a ring of fire (right hand)
 K - an amulet of the acrobat (around neck)
Scrolls
 j - 2 scrolls of vulnerability
 k - 5 scrolls of amnesia
 z - 2 scrolls of identify
 C - 4 scrolls of fog
 E - a scroll of poison
Potions
 b - 4 potions of magic
 c - 9 potions of curing
 d - 15 potions of heal wounds
 e - a potion of haste
 i - a potion of invisibility
 q - 2 potions of resistance
 r - 3 potions of berserk rage
 s - 3 potions of brilliance
 A - a potion of mutation
 D - a potion of might
 H - a potion of ambrosia
Miscellaneous
 F - a box of beasts


   Skills:
 - Level 10.0 Fighting
 - Level 10.0 Dodging
 - Level 2.4 Stealth
 - Level 22.0 Spellcasting
 - Level 22.0 Conjurations
 - Level 3.0 Translocations
 + Level 21.2 Fire Magic
 - Level 3.0 Alchemy
 - Level 10.0 Invocations


You had 13 spell levels left.
You knew the following spells:

 Your Spells              Type           Power      Damage    Failure   Level
a - Magic Dart            Conj           100%       1d8       0%          1
b - Fire Storm            Conj/Fire      65%        8d17      13%         9
c - Fulminant Prism       Conj/Alch      43%        3d19      1%          4
d - Iskenderun's Mystic   Conj/Tloc      86%        2d17      1%          4
e - Fireball              Conj/Fire      65%        3d25      0%          5
f - Starburst             Conj/Fire      65%        6d17      1%          6
g - Orb of Destruction    Conj           54%        9d14      1%          7
h - Searing Ray           Conj           100%       2d8       0%          2
i - Freezing Cloud        Conj/Ice/Air   35%        6-21      1%          5

Your spell library contained the following spells:

 Spells                   Type           Power      Damage    Failure   Level
 Foxfire                  Conj/Fire      100%       2x1d9     0%          1
 Kiss of Death            Conj/Necr      100%       2d13      0%          1
 Shock                    Conj/Air       100%       1d9       0%          1
 Momentum Strike          Conj/Tloc      100%       3d10      0%          2
 Scorch                   Fire           100%       2d9       0%          2
 Static Discharge         Conj/Air       100%       3-8/arc   0%          2
 Flame Wave               Conj/Fire      100%       2d21      0%          4
 Iskenderun's Battlesphe  Conj           100%       2d15      0%          5
 Apportation              Tloc           100%       N/A       1%          1
 Slow                     Hex            100%       N/A       1%          1
 Ensorcelled Hibernation  Hex/Ice        70%        N/A       1%          2
 Jinxbite                 Hex            70%        N/A       1%          2
 Mercury Vapours          Alch/Air       88%        N/A       1%          2
 Dazzling Flash           Conj/Hex       100%       N/A       1%          3
 Gell's Gravitas          Tloc           53%        N/A       1%          3
 Hailstorm                Conj/Ice       81%        3d14      1%          3
 Inner Flame              Hex/Fire       100%       N/A       1%          3
 Mephitic Cloud           Conj/Alch/Air  73%        N/A       1%          3
 Stone Arrow              Conj/Erth      100%       3d13      1%          3
 Teleport Other           Tloc           53%        N/A       1%          3
 Volatile Blastmotes      Fire/Tloc      100%       2d18      1%          3
 Ignite Poison            Fire/Alch      100%       N/A       1%          4
 Sticky Flame             Fire/Alch      100%       2d15      1%          4
 Summon Blazeheart Golem  Fire/Summ      100%       N/A       1%          4
 Arcjolt                  Conj/Air       40%        1d50      1%          5
 Irradiate                Conj/Alch      43%        3d26      1%          5
 Bombard                  Conj/Erth      40%        9d7       1%          6
 Conjure Ball Lightning   Conj/Air       40%        3x3d13    1%          6
 Plasma Beam              Fire/Air       50%        2x1d65    1%          6
 Fugue of the Fallen      Necr           35%        N/A       2%          3
 Ozocubu's Armour         Ice            35%        N/A       2%          3
 Passwall                 Erth           35%        N/A       2%          3
 Sigil of Binding         Hex            35%        N/A       2%          3
 Swiftness                Air            35%        N/A       2%          3
 Tukima's Dance           Hex            35%        N/A       2%          3
 Manifold Assault         Tloc           53%        N/A       2%          4
 Dimensional Bullseye     Hex/Tloc       22%        N/A       4%          4
 Leda's Liquefaction      Alch/Erth      22%        N/A       4%          4
 Petrify                  Alch/Erth      44%        N/A       4%          4
 Alistair's Intoxication  Alch           35%        N/A       7%          5
 Cause Fear               Hex            17%        N/A       9%          4
 Martyr's Knell           Necr/Summ      35%        N/A       9%          4
 Spellforged Servitor     Conj/Summ      40%        N/A       9%          7
 Yara's Violent Unravell  Hex/Alch       22%        3d10      13%         5
 Borgnjor's Vile Clutch   Necr/Erth      17%        N/A       24%         5
 Lee's Rapid Deconstruct  Erth           17%        3d11*     24%         5
 Silence                  Hex/Air        17%        N/A       24%         5
 Summon Mana Viper        Hex/Summ       35%        N/A       24%         5
 Dispersal                Tloc           26%        N/A       36%         6
 Eringya's Noxious Bog    Alch           26%        4d6       36%         6
 Lehudib's Crystal Spear  Conj/Erth      40%        10d10     54%         8
 Sculpt Simulacrum        Ice/Alch       22%        N/A       58%         6
 Enfeeble                 Hex            17%        N/A       100%        7
 Maxwell's Capacitive Co  Air            17%        ∞         100%        8
 Chain Lightning          Conj/Air       40%        3d54      100%        9


Dungeon Overview and Level Annotations

Branches:
Dungeon (1/1)

Altars:
Ashenzari
Cheibriados
Dithmenos
Elyvilon
Fedhas
Gozag
Hepliaklqana
Kikubaaqudgha
Makhleb
Nemelex Xobeh
Okawaru
Qazlal
Ru
Sif Muna
Trog
Uskayaw
Vehumet
Wu Jian
Xom
Yredelemnul
Zin
The Shining One
Jiyva
Lugonu


Message History

The hell hound completely resists.
The hell hound is moderately wounded.
The bolt of fire hits the death cob!!!
The death cob is heavily damaged.
The bolt of fire hits the hell hound.
The hell hound completely resists.
The bolt of fire hits the +1 war axe of freezing!
The +1 war axe of freezing resists.
The +1 war axe of freezing is heavily damaged.
The bolt of fire hits the minotaur!!
The minotaur is moderately wounded.
The death cob hits you! The death cob drains your vigour!
You feel as though you will be slow longer.
The death cob hits you!! The hell hound misses you. The death cob hits you!
The death cob drains your vigour!
You feel as though you will be slow longer.
The hell hound bites you.
* * * LOW HITPOINT WARNING * * *
The hell hound closely misses you. The death cob hits you!!
* * * LOW HITPOINT WARNING * * *
The death cob drains your vigour!
You feel as though you will be slow longer.
The hell hound completely misses you.
Okay, then.
Unknown command.
Unknown command.
Okay, then.
Unknown command.
Unknown command.
Unknown command.
Unknown command.
Press: ? - help, v - describe, . - travel A huge open gate to a Minivault (Hard).
Unknown command.
Unknown command.
Unknown command.
Unknown command.
You feel much better. The death cob hits you.
* * * LOW HITPOINT WARNING * * *
The death cob hits you!!
You die...

#..........# #..#....#..#
+..........# +..........#
#..#....#..# #..........+
#..........+ ###''####''#
###@h####')#########
#.hz(..##......)..)) ##########
#.#D##.##..)...))... ..........
#.#e)+.##..######### ..........
#.+H:#.##..#))'...') #''#######
#.#h)+.##).#))#...#)
#''###########.+.[#.##..####...##
........##..##.##+#.##..#........
.#).....##..##......##..#........


You could see a death cob, an ice dragon, a minotaur, a deep elf master archer,
3 hell hounds and a +1 war axe of freezing.

Vanquished Creatures
  A profane servitor (D)
  A death cob (D)
  2 orc warlords (D)
  A purple draconian (D)
  A dire elephant (D)
  A merfolk javelineer (D)
  A yaktaur captain (D)
  2 alligators (D)
  2 vault guards (D)
  2 anacondas (D)
  4 naga warriors (D)
  A death yak (D)
  An orc high priest (D)
  A sea snake (D)
  A deep troll (D)
  A phantasmal warrior (D)
  A bog body (D)
  A sixfirhy (D)
  10 orc knights (D)
  3 deep elf zephyrmancers (D)
  A wolf spider (D)
  A merfolk siren (D)
  A black mamba (D)
  An elephant (D)
  A rust devil (D)
  A cane toad (D)
  An orange demon (D)
  An efreet (D)
  5 yaktaurs (D)
  A komodo dragon (D)
  Psyche (D)
  An ice devil (D)
  A hornet (D)
  A guardian mummy (D)
  2 merfolk (D)
  A glass eye (D)
  Grinder (D)
  4 blink frogs (D)
  A tarantella (D)
  7 dream sheep (D)
  A shadow (D)
  A wyvern (D)
  12 yaks (D)
  A neqoxec (D)
  A basilisk (D)
  A redback (D)
  2 wargs (D)
  Menkaure (D)
  5 hell hounds (D)
  4 orc warriors (D)
  Pargi (D)
  2 black bears (D)
  A laughing skull (D)
  A kobold brigand (D)
  A gnoll sergeant (D)
  2 brain worms (D)
  A necrophage (D)
  4 scorpions (D)
  4 wights (D)
  4 orc priests (D)
  Terence (D)
  5 gnolls (D)
  An adder skeleton (D)
  4 orcs (D)
  A bat skeleton (D)
  A giant cockroach (D)
  A goblin (D)
  A hobgoblin (D)
  A quokka (D)
  2 ball pythons (D)
  A ball python simulacrum (D)
  A frilled lizard (D)
  2 rats (D)
144 creatures vanquished.

Vanquished Creatures (collateral kills)
  A naga warrior (D)
1 creature vanquished.

Vanquished Creatures (others)
  4 fire vortices (D)
  35 fulminant prisms (D)
39 creatures vanquished.

Grand Total: 184 creatures vanquished

Notes
Turn   | Place    | Note
-------+----------+-------------------------------------------
     0 | D        | PurpleRed the Deep Elf Conjurer began the quest for the
                  | Orb.
     0 | D        | Reached XP level 1. HP: 10/10 MP: 6/6
    44 | D        | Found a glowing golden altar of the Shining One.
    44 | D        | Found a glowing silver altar of Zin.
    44 | D        | Found a basalt altar of Yredelemnul.
    44 | D        | Found a shimmering altar of Xom.
    44 | D        | Found an ornate altar of the Wu Jian Council.
    44 | D        | Found a bloodstained altar of Trog.
    44 | D        | Found a shimmering blue altar of Sif Muna.
    44 | D        | Found a sacrificial altar of Ru.
    44 | D        | Found a stormy altar of Qazlal.
    44 | D        | Found an iron altar of Okawaru.
    44 | D        | Found a sparkling altar of Nemelex Xobeh.
    44 | D        | Found a burning altar of Makhleb.
    44 | D        | Found a viscous altar of Jiyva.
    44 | D        | Found a hazy altar of Hepliaklqana.
    44 | D        | Found an opulent altar of Gozag.
    44 | D        | Found a blossoming altar of Fedhas.
    44 | D        | Found a white marble altar of Elyvilon.
    44 | D        | Found a shadowy altar of Dithmenos.
    44 | D        | Found a snail-covered altar of Cheibriados.
    45 | D        | Found a radiant altar of Vehumet.
    45 | D        | Found a corrupted altar of Lugonu.
    46 | D        | Found an ancient bone altar of Kikubaaqudgha.
    46 | D        | Found a hide-covered altar of Uskayaw.
    46 | D        | Found a broken altar of Ashenzari.
    47 | D        | Became a worshipper of Sif Muna the Loreminder
    54 | D        | Noticed a scorpion
    62 | D        | Killed a scorpion
    63 | D        | Reached XP level 2. HP: 15/15 MP: 7/11
    63 | D        | Reached XP level 3. HP: 19/19 MP: 7/12
    68 | D        | Noticed a scorpion
    71 | D        | Killed a scorpion
    71 | D        | Reached * piety under Sif Muna
    72 | D        | Reached XP level 4. HP: 23/24 MP: 7/15
   113 | D        | Learned a level 2 spell: Searing Ray
   118 | D        | Learned a level 4 spell: Fulminant Prism
   123 | D        | Learned a level 4 spell: Iskenderun's Mystic Blast
   131 | D        | Reached ** piety under Sif Muna
   138 | D        | Reached skill level 1 in Fighting
   138 | D        | Reached skill level 1 in Translocations
   138 | D        | Reached skill level 1 in Alchemy
   138 | D        | Reached XP level 5. HP: 29/29 MP: 8/17
   139 | D        | Reached *** piety under Sif Muna
   154 | D        | Reached skill level 10 in Conjurations
   418 | D        | Noticed a warg
   418 | D        | Noticed an orc warrior
   418 | D        | Noticed Grinder
   425 | D        | Reached XP level 6. HP: 36/36 MP: 14/19
   434 | D        | Killed a warg
   435 | D        | Reached skill level 5 in Dodging
   435 | D        | Reached skill level 10 in Spellcasting
   453 | D        | Killed an orc warrior
   453 | D        | Reached **** piety under Sif Muna
   466 | D        | Reached XP level 7. HP: 25/41 MP: 11/23
   469 | D        | Reached ***** piety under Sif Muna
   475 | D        | Killed Grinder
   620 | D        | Received a gift from Sif Muna
   621 | D        | Got Sif Muna's Dissertation on the Oath {god gift}
   659 | D        | Reached skill level 1 in Fire Magic
   661 | D        | Noticed an ice devil
   683 | D        | Killed an ice devil
   684 | D        | Reached XP level 8. HP: 48/48 MP: 1/26
   816 | D        | Noticed a glass eye
   816 | D        | Noticed Pargi
   825 | D        | Killed a glass eye
   825 | D        | Received a gift from Sif Muna
   825 | D        | Killed Pargi
   826 | D        | Reached skill level 15 in Conjurations
   826 | D        | Got Sif Muna's Papyrus of the Vitriolic Inferno {god gift}
  1114 | D        | Learned a level 6 spell: Starburst
  1164 | D        | Noticed Terence
  1167 | D        | Killed Terence
  1224 | D        | Received a gift from Sif Muna
  1232 | D        | Reached XP level 9. HP: 37/53 MP: 3/28
  1353 | D        | Got Sif Muna's Practical Thaumaturgy {god gift}
  1366 | D        | Learned a level 5 spell: Fireball
  1379 | D        | Noticed a cane toad
  1382 | D        | Killed a cane toad
  1383 | D        | Reached skill level 5 in Fighting
  1383 | D        | Reached skill level 5 in Fire Magic
  1423 | D        | Noticed a deep elf zephyrmancer
  1519 | D        | Killed a deep elf zephyrmancer
  1520 | D        | Reached skill level 5 in Invocations
  1574 | D        | Noticed a deep elf zephyrmancer
  1581 | D        | Killed a deep elf zephyrmancer
  1649 | D        | Noticed a sixfirhy
  1650 | D        | Noticed a deep elf zephyrmancer
  1651 | D        | Killed a sixfirhy
  1651 | D        | Reached ****** piety under Sif Muna
  1651 | D        | Received a gift from Sif Muna
  1652 | D        | Reached XP level 10. HP: 61/61 MP: 20/30
  1658 | D        | Killed a deep elf zephyrmancer
  1659 | D        | Reached skill level 15 in Spellcasting
  1842 | D        | Noticed a sea snake
  1847 | D        | Killed a sea snake
  2040 | D        | Received a gift from Sif Muna
  2041 | D        | Got Sif Muna's Treatise on Hurting {god gift}
  2050 | D        | Learned a level 7 spell: Orb of Destruction
  2108 | D        | Noticed a merfolk siren
  2120 | D        | Killed a merfolk siren
  2169 | D        | Noticed an anaconda
  2172 | D        | Killed an anaconda
  2248 | D        | Got Lehudib's Teachings on Outbursts and the Mesa {god
                  | gift}
  2253 | D        | Noticed an orc high priest
  2257 | D        | Killed an orc high priest
  2296 | D        | Reached skill level 10 in Fire Magic
  2296 | D        | Reached XP level 11. HP: 67/67 MP: 18/33
  2394 | D        | Noticed Menkaure
  2402 | D        | Killed Menkaure
  2429 | D        | Received a gift from Sif Muna
  2430 | D        | Got Sif Muna's Exposition on Percussion {god gift}
  2507 | D        | Noticed a death yak
  2600 | D        | Received a gift from Sif Muna
  2601 | D        | Noticed a bog body
  2603 | D        | Killed a death yak
  2650 | D        | Killed a bog body
  2767 | D        | Got Yruto's Parchment of Hurting {god gift}
  2785 | D        | Received a gift from Sif Muna
  2961 | D        | Received a gift from Sif Muna
  2962 | D        | Got Sif Muna's Textbook on Bewitching Gloom {god gift}
  3198 | D        | Noticed Psyche
  3231 | D        | Got Sif Muna's Guide on Stony Glamour {god gift}
  3274 | D        | Noticed a dire elephant
  3279 | D        | Killed a dire elephant
  3280 | D        | Reached skill level 15 in Fire Magic
  3478 | D        | Killed Psyche
  3488 | D        | Received a gift from Sif Muna
  3489 | D        | Got Sif Muna's Catalogue of the Caves and Sparks {god gift}
  3586 | D        | Noticed a phantasmal warrior
  3586 | D        | Noticed a wolf spider
  3588 | D        | Killed a wolf spider
  3591 | D        | Killed a phantasmal warrior
  3592 | D        | Reached XP level 12. HP: 72/72 MP: 13/38
  3699 | D        | Noticed an anaconda
  3702 | D        | Killed an anaconda
  3835 | D        | Noticed a merfolk javelineer
  3846 | D        | Killed a merfolk javelineer
  3848 | D        | Received a gift from Sif Muna
  3849 | D        | Got Sif Muna's Quarto of the Transforming Lungs {god gift}
  4189 | D        | Learned a level 9 spell: Fire Storm
  4195 | D        | Learned a level 5 spell: Freezing Cloud
  4207 | D        | Noticed a death cob
  4214 | D        | Killed a death cob
  4546 | D        | Reached skill level 10 in Dodging
  4608 | D        | Received a gift from Sif Muna
  4705 | D        | Noticed an orc warlord
  4723 | D        | Killed an orc warlord
  4724 | D        | Reached skill level 10 in Invocations
  4820 | D        | Noticed a vault guard
  4828 | D        | Killed a vault guard
  4923 | D        | Noticed a profane servitor
  4926 | D        | Killed a profane servitor
  4926 | D        | Received a gift from Sif Muna
  5010 | D        | Noticed an alligator
  5013 | D        | Killed an alligator
  5013 | D        | Noticed an alligator
  5014 | D        | Reached skill level 10 in Fighting
  5014 | D        | Reached XP level 13. HP: 82/82 MP: 25/41
  5038 | D        | Noticed an orc warlord
  5115 | D        | Killed an orc warlord
  5142 | D        | Received a gift from Sif Muna
  5143 | D        | Got Sif Muna's Notes on Mercurial Phlogiston {god gift}
  5509 | D        | Received a gift from Sif Muna
  5578 | D        | Noticed a purple draconian
  5579 | D        | Killed a purple draconian
  5862 | D        | Found the +15 Maxwell's patent armour {-Cast -Tele rElec
                  | Will+ rCorr}
  5934 | D        | Found the +8 autumn katana {manifold assault}
  6037 | D        | Noticed a minotaur
  6037 | D        | Noticed a death cob
  6038 | D        | Noticed a deep elf master archer
  6038 | D        | Found the +5 scythe "Finisher" {speed, execute}
  6040 | D        | HP: 3/82 [death cob (21)]
  6041 | D        | Mangled by a death cob

Illustrated notes

Levels and vault maps discovered:
D:        pitsprint [storerooms_1, entrance_room_1, metal_vault_6, armoury_2,
          mini_pit_1, grid_room_1, main_hall_1, silver_pit, the_coven_3,
          the_vestibule_1, steel_vault_1, golden_pit, hallway_of_sentries,
          crystal_vault_2, iron_vault_4, final_vault]

Skill      XL: |  1  2  3  4  5  6  7  8  9 10 11 12 13 |
---------------+----------------------------------------+-----
Spellcasting   | 6 7 8 11 12 13 14 16 20 22 | 22.0
Conjurations   | 7 9 10 12 14 15 17 19 20 21 22 | 22.0
Fighting       | 1 2 3 4 6 7 10 | 10.0
Dodging        | 3 4 5 7 10 | 10.0
Translocations | 1 3 |  3.0
Alchemy        | 1 3 |  3.0
Fire Magic     | 2 4 7 10 15 17 21 | 21.2
Invocations    | 3 6 7 10 | 10.0
Stealth        | |  2.4

Action                     |  1- 3 |  4- 6 |  7- 9 | 10-12 | 13-15 || total
---------------------------+-------+-------+-------+-------+-------++-------
  Melee: Dagger            |    10 |    11 |     5 |       |       ||    26
         Punch             |       |     2 |       |       |       ||     2
         Short sword       |       |       |     6 |       |       ||     6
         Quarterstaff      |       |       |       |     9 |       ||     9
  Throw: Dart              |       |       |       |     1 |       ||     1
   Cast: Magic Dart        |     1 |       |     3 |     1 |       ||     5
         Fulminant Prism   |       |     7 |    21 |     7 |       ||    35
         Iskenderun's Myst |       |     5 |     5 |     5 |     1 ||    16
         Searing Ray       |       |     2 |     1 |     2 |       ||     5
         Fireball          |       |       |     9 |    96 |     7 ||   112
         Orb of Destructio |       |       |       |    13 |     7 ||    20
         Freezing Cloud    |       |       |       |     4 |       ||     4
         Fire Storm        |       |       |       |       |     5 ||     5
         Starburst         |       |       |       |       |     1 ||     1
 Invoke: Channel Magic     |       |       |       |     1 |       ||     1
    Use: Potion            |     2 |     1 |     2 |     1 |     1 ||     7
         Scroll            |       |       |       |     7 |       ||     7
   Stab: Invisible         |     2 |       |       |       |       ||     2
         Sleeping          |     1 |       |       |       |       ||     1
 Armour: Robe              |     1 |     6 |    11 |     9 |     9 ||    36
  Dodge: Dodged            |    10 |    22 |    18 |     9 |     8 ||    67
